 Dungeon Crawl Stone Soup version 0.19.1 (webtiles) character file.

24143 esteth the Spear-Bearer (level 13, -3/98 HPs)
             Began as a Merfolk Skald on Dec 24, 2016.
             Was a High Priest of Nemelex Xobeh.
             Slain by a death yak (18 damage)
             ... on level 5 of the Lair of Beasts.
             The game lasted 01:02:26 (14035 turns).

esteth the Spear-Bearer (Merfolk Skald)            Turns: 14035, Time: 01:02:27

Health: -3/98      AC: 11    Str: 13    XL:     13   Next: 11%
Magic:  11/22      EV: 20    Int: 15    God:    Nemelex Xobeh [*****.]
Gold:   1134       SH:  7    Dex: 14    Spells: 3 memorised, 18 levels left

rFire  . . .     SeeInvis .     E - +3 trident (elec)
rCold  . . .     Gourm    .     u - +0 troll leather armour {Purgy}
rNeg   . . .     Faith    .     s - +0 buckler
rPois  .         Spirit   .     S - +1 hat
rElec  .         Reflect  +     w - +0 cloak
rCorr  .         Harm     .     n - +0 pair of gloves
MR     .....                    (no boots)
Stlth  +.........               e - +2 amulet of reflection
                                P - +2 ring of evasion
                                f - +3 ring of protection

@: singing
A: change form in water, swift swim, stealthy swim
a: Triple Draw, Deal Four, Stack Five, Renounce Religion, Stop Singing


You were on level 5 of the Lair of Beasts.
You worshipped Nemelex Xobeh.
Nemelex Xobeh was extremely pleased with you.
You were not hungry.

You visited 3 branches of the dungeon, and saw 17 of its levels.
You also visited: Sewer.

You collected 1134 gold pieces.

Inventory:

Hand Weapons
 l - a +4 hand axe of electrocution
 E - a +3 trident of electrocution (weapon)
Armour
 n - a +0 pair of gloves (worn)
 s - a +0 buckler (worn)
 u - a +0 troll leather armour (worn) {Purgy}
 w - a +0 cloak (worn)
 Q - the +4 skin of Zhor {rC+++}
   (You found it on level 10 of the Dungeon)

   It renders you almost immune to cold.
 S - a +1 hat (worn)
Jewellery
 e - a +2 amulet of reflection (around neck)
 f - a +3 ring of protection (left hand)
 x - an uncursed ring of poison resistance
 G - an uncursed ring of see invisible
 P - a +2 ring of evasion (right hand)
Wands
 a - a wand of enslavement (13/24)
 X - a wand of digging (14/24)
 Y - a wand of flame (23/48)
Scrolls
 i - 3 scrolls of remove curse
 m - a scroll of silence
 o - 7 scrolls of amnesia
 q - 4 scrolls of teleportation
 t - 2 scrolls of recharging
 y - 2 scrolls of identify
 F - 3 scrolls of fog
 K - a scroll of blinking {unknown}
 O - a scroll of holy word
Potions
 b - 4 potions of haste {unknown}
 h - 3 potions of brilliance {unknown}
 j - 4 potions of lignification {unknown}
 k - 4 potions of heal wounds {unknown}
 v - 5 potions of degeneration {unknown}
 A - 5 potions of curing {unknown}
 B - 3 potions of flight {unknown}
 C - a potion of cancellation {unknown}
Books
 c - a book of Battle

   Spells                             Type                      Level
   a - Infusion                       Charms                       1
   b - Shroud of Golubria             Charms/Translocation         2
   c - Song of Slaying                Charms                       2
   d - Spectral Weapon                Hexes/Charms                 3
   e - Regeneration                   Charms/Necromancy            3
 R - a book of Transfigurations

   Spells                             Type                      Level
   a - Irradiate                      Conjuration/Transmutation    5
   b - Statue Form                    Transmutation/Earth          6
   c - Hydra Form                     Transmutation                6
   d - Dragon Form                    Transmutation                7
 W - a book of Power

   Spells                             Type                      Level
   a - Fulminant Prism                Conjuration/Hexes            4
   b - Iskenderun's Mystic Blast      Conjuration                  4
   c - Venom Bolt                     Conjuration/Poison           5
   d - Bolt of Magma                  Conjuration/Fire/Earth       5
   e - Iron Shot                      Conjuration/Earth            6
   f - Orb of Destruction             Conjuration                  7
   g - Spellforged Servitor           Conjuration/Summoning        7
Miscellaneous
 D - a legendary deck of summoning
 H - a plain deck of summoning {drawn: 6}
 J - a plain deck of destruction
 L - a plain deck of escape {drawn: 2}
 M - a plain deck of summoning
 Z - an ornate deck of destruction
Comestibles
 d - 5 bread rations
 g - 4 meat rations
 p - 7 beef jerkies
 r - a slice of pizza
 z - 20 fruits
 N - 2 royal jellies


   Skills:
 + Level 8.1 Fighting
 - Level 14.7 Polearms
 - Level 3.8 Armour
 - Level 10.0 Dodging
 - Level 5.0 Shields
 - Level 6.3 Spellcasting
 - Level 4.1 Hexes
 - Level 7.9 Charms
 + Level 10.8 Invocations


You had 18 spell levels left.
You knew the following spells:

 Your Spells              Type           Power        Failure   Level  Hunger
a - Infusion              Chrm           ####         1%          1    None
b - Song of Slaying       Chrm           ####....     1%          2    #......
c - Spectral Weapon       Hex/Chrm       ###.....     4%          3    ##.....


Dungeon Overview and Level Annotations

Branches:
Dungeon (11/15)            Temple (1/1) D:7            Lair (5/6) D:11
 Shoals (0/4) Lair:2        Snake (0/4) Lair:4          Orc (0/2) D:11
  Slime: Lair:5-6

Altars:
Ashenzari
Cheibriados
Dithmenos
Elyvilon
Fedhas
Gozag
Makhleb
Nemelex Xobeh
Okawaru
Qazlal
Sif Muna
Trog
Uskayaw
Vehumet


Message History

You draw a card...
It is the Elixir.
The death yak misses something.
The death yak gores something.
The death yak gores you!!
* * * LOW HITPOINT WARNING * * *
You block the death yak's attack.
Deal from which deck? (? for menu, Esc to quit)
You deal a card...
It is the Tomb.
Walls emerge from the floor!
You deal a card...
It is Velocity.
Nothing appears to happen.
You deal a card...
It is Velocity.
The death yak is moving somewhat quickly. x4
You deal a card...
It is the Elixir.
The deck of cards disappears without a trace.
The death yak misses something.
The death yak closely misses something.
The death yak closely misses you. You block the death yak's attack.
Okay, then.
Okay, then.
Casting: Song of Slaying
Confirm with . or Enter, or press ? or * to list all spells.
You draw out your weapon's spirit!
The death yak gores you!!
You die...
Your body glows with a rainbow of weird colours and disappears.

##......♣♣ #........♣♣ ♣♣♣
#.........♣♣♣♣♣...
#................. ####
#.................
.##.#.####.................
.........(.................
#......YYY#..............#
#.P....Y#@P..............#
#.#.....Y####............##
#....†..# #.#.....†....##
#.....@..P###..##......P#
..........# #######.....#
..........# ###...##
.........## ##.P.#
.........# ..####.(.#
.......P## ......P..##


You could see 3 death yaks and a friendly spectral trident of electrocution.

Vanquished Creatures
  Erica (D:9)
  A death yak (Lair:5)
  Pikel (D:5)
  2 hill giants
  An ugly thing (D:11)
  7 spiny frogs
  A centaur skeleton (D:10)
  A gargoyle (D:11)
  2 rime drakes
  6 komodo dragons
  A freezing wraith (D:11)
  4 trolls
  A tengu conjurer (D:11)
  A two-headed ogre (D:11)
  Grinder (D:6)
  11 hippogriffs
  5 blink frogs (Lair:2)
  Sigmund (D:6)
  Eustachio (D:6)
  10 yaks (Lair:3)
  A basilisk (Lair:1)
  A hungry ghost (D:11)
  6 nagas (Lair:4)
  A mottled dragon (D:9)
  7 water moccasins
  Purgy (Sewer)
  6 porcupines
  4 orc warriors
  3 ice beasts
  A black bear (D:11)
  A sky beast (D:11)
  5 wolves
  6 ogres
  7 centaurs
  5 crocodiles
  10 bullfrogs
  A gnoll sergeant (D:9)
  3 scorpions
  14 killer bees
  4 howler monkeys
  2 crimson imps
  A bullfrog zombie (D:10)
  A quasit (D:6)
  2 centaur zombies (D:10)
  2 jellies
  14 orc wizards
  9 orc priests
  4 hounds
  8 worker ants
  3 iguanas (D:9)
  A worker ant zombie (D:10)
  7 gnolls
  17 adders
  A shadow imp (D:5)
  An adder skeleton (D:5)
  2 worms
  A dart slug (D:1)
  4 leopard geckos
  36 orcs
  6 bats
  9 giant cockroaches
  7 goblins
  3 hobgoblins
  2 jackals (D:1)
  10 kobolds
  9 quokkas
  A ball python (D:2)
  A frilled lizard (D:3)
  A quokka skeleton (D:5)
  A quokka zombie (D:5)
  5 rats
317 creatures vanquished.

Vanquished Creatures (collateral kills)
  The ghost of Fartwhistle the Grappler, a journeyman TrMo of Ru (Lair:2)
  A death yak (Lair:5)
  A hill giant (D:11)
  An ugly thing (D:11)
  A cyclops (D:11)
  A hornet (D:11)
  A steam dragon (Lair:3)
  4 wolves
  2 bullfrogs
13 creatures vanquished.

Vanquished Creatures (others)
  The ghost of Paps the Cudgeler, a novice GrFi of Okawaru (D:5)
  A slave (D:5)
  An orc (D:5)
  A jackal skeleton (D:5)
  A fungus (Lair:5)
  24 plants
  6 spectral weapons
35 creatures vanquished.

Grand Total: 365 creatures vanquished

Notes
Turn   | Place    | Note
-------+----------+-------------------------------------------
     0 | D:1      | esteth the Merfolk Skald began the quest for the Orb.
     0 | D:1      | Reached XP level 1. HP: 16/16 MP: 3/3
   502 | D:1      | Reached XP level 2. HP: 20/22 MP: 5/5
  1018 | D:1      | Reached skill level 4 in Polearms
  1208 | D:1      | Learned a level 2 spell: Song of Slaying
  1229 | D:2      | Reached XP level 3. HP: 26/27 MP: 6/6
  1545 | D:2      | Reached XP level 4. HP: 20/33 MP: 3/7
  1550 | D:2      | Learned a level 3 spell: Spectral Weapon
  1865 | D:2      | Reached skill level 5 in Polearms
  2367 | D:3      | Found a faded altar of an unknown god.
  2600 | D:3      | Reached XP level 5. HP: 34/38 MP: 8/8
  2938 | D:3      | Found a glowing drain.
  2954 | Sewer    | Entered a sewer
  2976 | Sewer    | Noticed Purgy
  2987 | Sewer    | Killed Purgy
  2987 | Sewer    | Reached skill level 6 in Polearms
  2987 | Sewer    | Reached skill level 5 in Charms
  2987 | Sewer    | Reached XP level 6. HP: 18/44 MP: 2/9
  3504 | D:3      | Reached skill level 7 in Polearms
  3700 | D:4      | Found a radiant altar of Vehumet.
  3700 | D:4      | Found a bloodstained altar of Trog.
  3795 | D:4      | Reached XP level 7. HP: 35/50 MP: 10/10
  4238 | D:5      | Entered Level 5 of the Dungeon
  4264 | D:5      | Reached skill level 8 in Polearms
  4264 | D:5      | Reached skill level 1 in Hexes
  4616 | D:5      | Reached skill level 1 in Shields
  4691 | D:5      | Reached skill level 9 in Polearms
  4692 | D:5      | Reached XP level 8. HP: 30/56 MP: 11/11
  4926 | D:5      | Noticed Pikel
  4933 | D:5      | Noticed Paps's ghost (novice GrFi)
  4933 | D:5      | Killed Pikel
  4955 | D:5      | Killed Paps's ghost
  4955 | D:5      | Reached skill level 10 in Polearms
  5281 | D:5      | Reached skill level 5 in Shields
  5330 | D:6      | Reached XP level 9. HP: 61/61 MP: 12/12
  5352 | D:6      | Noticed Grinder
  5353 | D:6      | Paralysed by Grinder for 2 turns
  5375 | D:6      | Killed Grinder
  5402 | D:6      | Reached skill level 1 in Armour
  5673 | D:6      | Noticed Eustachio
  5690 | D:6      | Killed Eustachio
  5690 | D:6      | Reached skill level 11 in Polearms
  5813 | D:6      | Noticed Sigmund
  5825 | D:6      | Killed Sigmund
  6018 | D:6      | Found a deep blue altar of Sif Muna.
  6498 | D:7      | Found a staircase to the Ecumenical Temple.
  6510 | Temple   | Entered the Ecumenical Temple
  6547 | Temple   | Became a worshipper of Nemelex Xobeh the Trickster
  6666 | D:7      | Received a gift from Nemelex Xobeh
  6695 | D:7      | Reached skill level 1 in Invocations
  6950 | D:7      | Reached skill level 12 in Polearms
  7054 | D:8      | Reached XP level 10. HP: 59/70 MP: 13/13
  7088 | D:8      | Found a stormy altar of Qazlal.
  7211 | D:8      | Reached skill level 5 in Dodging
  7320 | D:8      | Reached * piety under Nemelex Xobeh
  7823 | D:9      | Found a burning altar of Makhleb.
  7830 | D:9      | Noticed Erica
  7846 | D:9      | Received a gift from Nemelex Xobeh
  7860 | D:9      | Killed Erica
  7860 | D:9      | Reached skill level 13 in Polearms
  8214 | D:9      | Reached skill level 5 in Invocations
  8305 | D:9      | Reached ** piety under Nemelex Xobeh
  8514 | D:9      | Received a gift from Nemelex Xobeh
  8604 | D:10     | Entered Level 10 of the Dungeon
  8654 | D:10     | Noticed a hill giant
  8660 | D:10     | Killed a hill giant
  8732 | D:10     | Reached XP level 11. HP: 75/75 MP: 9/15
  8828 | D:10     | Reached skill level 14 in Polearms
  9052 | D:11     | Found a staircase to the Orcish Mines.
  9071 | D:11     | HP: 1/76 [gargoyle/mace (4)]
  9334 | D:11     | Noticed a hill giant
  9334 | D:11     | Noticed a white ugly thing
  9350 | D:11     | Killed a white ugly thing
  9362 | D:11     | Killed a hill giant
  9522 | D:11     | Received a gift from Nemelex Xobeh
  9536 | D:11     | Noticed a hill giant
  9548 | D:11     | Noticed a cyclops
  9555 | D:11     | Killed a hill giant
  9555 | D:11     | Reached skill level 5 in Fighting
  9565 | D:11     | Killed a cyclops
  9573 | D:11     | Reached *** piety under Nemelex Xobeh
  9897 | D:11     | Found a staircase to the Lair.
 10452 | D:11     | Noticed a green ugly thing
 10460 | D:11     | Killed a green ugly thing
 10482 | Lair:1   | Entered Level 1 of the Lair of Beasts
 10482 | Lair:1   | Received a gift from Nemelex Xobeh
 10842 | Lair:1   | Reached XP level 12. HP: 70/86 MP: 18/18
 10958 | Lair:1   | Reached **** piety under Nemelex Xobeh
 10958 | Lair:1   | Received a gift from Nemelex Xobeh
 11201 | Lair:2   | Found a staircase to the Shoals.
 11271 | Lair:2   | Received a gift from Nemelex Xobeh
 11279 | Lair:2   | Noticed Fartwhistle's ghost (journeyman TrMo)
 11302 | Lair:2   | Killed Fartwhistle's ghost
 11302 | Lair:2   | Reached skill level 10 in Dodging
 11621 | Lair:2   | Received a gift from Nemelex Xobeh
 11751 | Lair:2   | Reached skill level 5 in Spellcasting
 12129 | Lair:3   | Received a gift from Nemelex Xobeh
 12279 | Lair:3   | Received a gift from Nemelex Xobeh
 12613 | Lair:3   | Reached ***** piety under Nemelex Xobeh
 12801 | Lair:3   | Received a gift from Nemelex Xobeh
 12853 | Lair:3   | Reached skill level 10 in Invocations
 13221 | Lair:4   | Found a staircase to the Snake Pit.
 13448 | Lair:4   | Received a gift from Nemelex Xobeh
 13688 | Lair:4   | Reached XP level 13. HP: 96/96 MP: 18/22
 13941 | Lair:5   | Received a gift from Nemelex Xobeh
 14035 | Lair:5   | Slain by a death yak

Skill      XL: |  1  2  3  4  5  6  7  8  9 10 11 12 13 |
---------------+----------------------------------------+-----
Polearms       | 4 5 6 7 9 10 12 13 14 | 14.7
Charms         | 4 5 6 7 |  7.9
Hexes          | 2 4 |  4.1
Shields        | 2 5 |  5.0
Dodging        | 2 4 7 9 10 | 10.0
Armour         | 2 3 |  3.8
Invocations    | 1 5 8 10 | 10.8
Fighting       | 3 5 7 8 |  8.1
Spellcasting   | 4 6 |  6.3

Action                   |  1- 3 |  4- 6 |  7- 9 | 10-12 | 13-15 || total
-------------------------+-------+-------+-------+-------+-------++-------
Melee: Spear             |    47 |       |       |       |       ||    47
       Hand axe          |    26 |   135 |   181 |       |       ||   342
       Tailslap          |       |     1 |       |       |       ||     1
       Trident           |       |       |    25 |   674 |    52 ||   751
       Unarmed           |       |       |     9 |       |       ||     9
 Cast: Infusion          |     2 |     2 |       |    11 |       ||    15
       Song of Slaying   |       |     1 |       |     9 |     1 ||    11
       Spectral Weapon   |       |       |     7 |    28 |     2 ||    37
Invok: Deal Four         |       |       |       |       |     1 ||     1
Evoke: Deck              |       |       |       |    20 |     6 ||    26
       Wand              |       |       |       |     1 |       ||     1
  Use: Scroll            |     1 |     8 |     7 |    11 |     2 ||    29
 Stab: Sleeping          |       |     2 |     1 |       |       ||     3
       Distracted        |       |       |     1 |     4 |       ||     5
       Petrified         |       |       |       |     3 |       ||     3
  Eat: Chunk             |     2 |     4 |     3 |    12 |     2 ||    23
       Bread ration      |       |     1 |     1 |     2 |       ||     4
       Meat ration       |       |       |     1 |       |       ||     1
       Pizza             |       |       |       |     1 |       ||     1
Armor: Leather armour    |    32 |    25 |       |       |       ||    57
       Troll leather arm |       |    14 |    47 |    67 |       ||   128
       Skin              |       |       |     7 |       |       ||     7
Dodge: Dodged            |    58 |    91 |   101 |   214 |    25 ||   489
Block: Other             |       |     9 |     3 |       |       ||    12
       Buckler           |       |       |    47 |   141 |    18 ||   206
       Reflection        |       |       |     4 |     9 |       ||    13
